 Dungeon Crawl Stone Soup version 0.15.0-18-g9076a4f (webtiles) character file.

90 Leibowitz the Ruffian (level 4, 0/45 HPs)
             Began as a Troll Monk on Sept 7, 2014.
             Slain by an orc warrior
             ... wielding a +0 long sword
              (14 damage)
             ... on Level 3 of the Dungeon.
             The game lasted 00:08:14 (1557 turns).

Leibowitz the Ruffian (Troll Monk)                  Turns: 1557, Time: 00:08:14

HP   0/45        AC  7     Str 19      XL: 4   Next: 32%
MP   2/2         EV 10     Int  6      God:
Gold 120         SH  0     Dex 13      Spells:  0 memorised,  3 levels left

rFire  . . .     SeeInvis .       - Unarmed
rCold  . . .     Clarity  .     a - +0 robe
rNeg   . . .     rCorr    .     (shield restricted)
rPois  .         rRot     .     (helmet restricted)
rElec  .         Spirit   .     r - +1 cloak
SustAb +         Warding  .     (gloves unavailable)
rMut   .         Stasis   .     (boots unavailable)
Gourm  +                        (no amulet)
MR     .....                    (no ring)
                                f - ring of sustain abilities

@: not resistant to hostile enchantments, unstealthy
A: unfitting armour, claws 3, fast metabolism 3, gourmand, regeneration 2,
saprovore 2, shaggy fur 1, tough skin 2
a: no special abilities


You were on level 3 of the Dungeon.
You were completely stuffed.

You visited 1 branch of the dungeon, and saw 3 of its levels.

You collected 120 gold pieces.

Inventory:

Missiles
 m - 4 javelins (quivered)
Armour
 a - a +0 robe (worn)
 r - a +1 cloak (worn)
Magical devices
 q - a wand of slowing (9)
Comestibles
 b - 3 meat rations
 c - 2 bread rations
Scrolls
 e - a scroll of immolation {unknown}
 g - 2 scrolls of fog {unknown}
 h - 2 scrolls of teleportation {unknown}
 i - 2 scrolls of remove curse {unknown}
 j - a scroll of fear {unknown}
 l - a scroll of random uselessness {unknown}
 n - 2 scrolls of identify {unknown}
 t - a scroll of noise {unknown}
Jewellery
 f - a ring of sustain abilities (left claw)
Potions
 d - a potion of confusion {unknown}
 k - a potion of cure mutation {unknown}
 o - a potion of restore abilities {unknown}
 p - a potion of curing {unknown}


   Skills:
 + Level 3.0 Fighting
 + Level 2.8 Dodging
 + Level 1.2 Stealth
 + Level 5.0 Unarmed Combat


You had 3 spell levels left.
You didn't know any spells.

Dungeon Overview and Level Annotations

Branches:
Dungeon (3/15)

Altars:
Fedhas


Innate Abilities, Weirdness & Mutations

You are too large for most types of armour.
You have claws for hands.
Your metabolism is lightning-fast.
You like to eat raw meat.
You heal very quickly.
You can eat rotten meat.
You are covered in fur (AC +1).
You have very tough skin (AC +2).


Message History

Evoke which item? (* to show all) (? for menu, Esc to quit)
Zapping:
q - a wand of slowing {zapped: 4}
Press: ? - help, Shift-Dir - straight line, f/p - orc warrior
Aim: an orc warrior, wielding a long sword and wearing a chain mail (moderately wounded)
The orc warrior resists with significant effort.
The orc warrior hits you with a long sword!
* * * LOW HITPOINT WARNING * * *
You scratch the orc warrior but do no damage.
The orc warrior is moderately wounded.
You scratch the orc warrior.
The orc warrior begins to bleed from its wounds!
The orc warrior is moderately wounded.
The orc warrior closely misses you.
You closely miss the orc warrior.
The orc warrior is moderately wounded.
The orc warrior barely misses you.
You closely miss the orc warrior.
The orc warrior is moderately wounded.
The orc warrior hits you with a long sword!
You die...

..#######
.....((..#
#o# #@#
#.# #.#
##.##
##..<##
#..)..#
##...##
##..# ##.#


You could see an orc warrior (bleeding).

Vanquished Creatures
  Crazy Yiuf (D:2)
  2 adders (D:2)
  A giant mite (D:2)
  A worm (D:2)
  An ooze (D:1)
  An orc (D:3)
  2 giant cockroaches (D:2)
  4 goblins
  2 hobgoblins (D:2)
  6 jackals
  2 bats (D:1)
  2 giant newts (D:2)
  4 kobolds
  2 rats (D:1)
31 creatures vanquished.

Notes
Turn   | Place    | Note
--------------------------------------------------------------
     0 | D:1      | Leibowitz, the Troll Monk, began the quest for the Orb.
     0 | D:1      | Reached XP level 1. HP: 22/22 MP: 1/1
   185 | D:1      | You fall through a shaft!
   212 | D:2      | Found a blossoming altar of Fedhas.
   741 | D:1      | Reached XP level 2. HP: 27/29 MP: 1/1
   921 | D:2      | Reached XP level 3. HP: 32/36 MP: 2/2
  1379 | D:2      | Noticed Crazy Yiuf
  1386 | D:2      | Killed Crazy Yiuf
  1386 | D:2      | Reached XP level 4. HP: 38/45 MP: 2/2
  1440 | D:2      | Reached skill level 5 in Unarmed Combat
  1541 | D:3      | Noticed an orc warrior
  1557 | D:3      | Slain by an orc warrior

Action                   |  1- 3 |  4- 6 || total
-------------------------+-------+-------++-------
Melee: Unarmed           |    95 |    16 ||   111
Throw: Javelin           |       |     3 ||     3
Evoke: Wand              |       |     2 ||     2
 Stab: Sleeping          |     1 |       ||     1
  Eat: Chunk             |    13 |     2 ||    15
       Meat ration       |     1 |       ||     1
